 Dungeon Crawl Stone Soup version 0.31-a0-536-ga3e2962e35 (webtiles) character file.

Game seed: 3657527903970945809

137 Ethylacetat the Ducker (level 5, 0/36 HPs)
             Began as an Octopode Gladiator on Aug 13, 2023.
             Slain by Grinder (2 damage)
             ... on level 3 of the Dungeon.
             The game lasted 00:02:42 (1852 turns).

Ethylacetat the Ducker (Octopode Gladiator)         Turns: 1852, Time: 00:02:44

Health: 0/36       AC:  1    Str: 13    XL:     5   Next: 20%
Magic:  5/5        EV:  8    Int: 11    God:
Gold:   159        SH:  0    Dex: 15    Spells: 4/4 levels left

rFire   . . .        n - +3 dagger
rCold   . . .        (no shield)
rNeg    . . .        b - +0 hat
rPois   .            (no amulet)
rElec   .            (no ring)
rCorr   .            (no ring)
SInv    .            (no ring)
Will    .....        (no ring)
Stlth   +++          (no ring)
HPRegen 0.26/turn    (no ring)
MPRegen 0.09/turn    (no ring)
                     (no ring)

%: no passive effects
@: lethally poisoned (0 -> -6), held, invisible
A: almost no armour, amphibious, 8 rings, camouflage 1, gelatinous body 1,
(nimble swimmer 1), tentacles
a: no special abilities


You were on level 3 of the Dungeon.
You visited 1 branch of the dungeon, and saw 3 of its levels.

You collected 159 gold pieces.

Inventory:

Hand Weapons
 n - a +3 dagger (weapon)
Missiles
 c - 3 throwing nets (quivered)
 d - a javelin
Armour
 b - a +0 hat (worn)
Jewellery
 o - a ring of see invisible
Scrolls
 g - 2 scrolls of fog {unknown}
 i - a scroll of identify {unknown}
 j - a scroll of silence {unknown}
 l - a scroll of immolation {unknown}
 m - 2 scrolls of blinking {unknown}
 r - a scroll of noise {unknown}
Potions
 a - a potion of ambrosia {unknown}
 e - a potion of invisibility
 f - a potion of resistance {unknown}
 h - 2 potions of attraction {unknown}
 k - a potion of cancellation {unknown}
 p - a potion of degeneration {unknown}
 q - a potion of berserk rage {unknown}
 s - a potion of curing {unknown}
 t - a potion of magic {unknown}


   Skills:
 + Level 3.4 Fighting
 - Level 3.0 Short Blades
 - Level 2.0 Throwing
 + Level 4.0 Dodging
 + Level 3.7 Stealth


You had 4 spell levels left.
You didn't know any spells.
Your spell library contained the following spells:

 Spells                   Type           Power      Damage    Failure   Level
 Necrotise                Necr           0%         1d4       34%         1
 Vampiric Draining        Necr           0%         2d6       71%         3
 Agony                    Necr           0%         N/A       100%        5


Dungeon Overview and Level Annotations

Branches:
Dungeon (3/15)

Altars:

Shops:
D:1 *

Annotations:
D:3 Grinder


Innate Abilities, Weirdness & Mutations

You cannot wear most types of armour.
You are amphibious.
You can wear up to eight rings at the same time.
Your skin changes colour to match your surroundings (Stealth+).
Your rubbery body absorbs attacks. (AC +1, EV +1)
((You are camouflaged when in or above water. (Stealth+)))
You have tentacles for arms and can constrict up to eight enemies at once.


Message History

The jackal completely misses you.
There are monsters nearby!
You hit the jackal.
The jackal is almost dead.
You constrict the jackal.
You kill the jackal!
Grinder blinks!
You hit the jackal. You grab the jackal.
You squeeze the jackal, but do no damage.
The jackal is severely wounded.
You constrict the jackal, but do no damage.
The jackal bites you.
You hit the jackal.
You kill the jackal!
Unknown command.
An adder comes into view.
A gnoll comes into view. It is wielding a +0 flail.
Found a thin runed staff.
Grinder barely misses you.
You barely miss Grinder. Your grab misses Grinder. Your squeeze misses Grinder.
Grinder gestures at you.
You suddenly lose the ability to move!
The adder bites you.
You are poisoned.
The adder poisons you!
You feel sick. The adder barely misses you. Grinder gestures at you.
Pain shoots through your body!
You feel sick. The adder bites you.
You are more poisoned.
The adder poisons you!
The gnoll throws a throwing net.
The throwing net hits you.
You become entangled in the net!
Grinder hits you.
You writhe in agony.
* * * LOW HITPOINT WARNING * * *
You can move again.
It was a potion of invisibility.
You fade into invisibility!
* * * LOW HITPOINT WARNING * * *
You feel sick. The adder bites you.
* * * LOW HITPOINT WARNING * * *
Grinder hits you.
You die...

#######.## .. #.#
..... #)# ....|
##.#####.....
#....†.....$
..##............
...........##...
..........S......
...##..g.@5.####
... #.....$.# ..
#.......#
#.......#
#.......#
#.......#
#########


You could see Grinder (unable to see you), a gnoll (unable to see you) and an
adder (unable to see you).

Vanquished Creatures
  An orc wizard (D:2)
  3 gnolls
  2 adders (D:2)
  A worm (D:2)
  A dart slug (D:1)
  4 orcs (D:2)
  6 endoplasms
  3 giant cockroaches
  3 hobgoblins
  2 jackals (D:3)
  3 quokkas
  8 ball pythons (D:2)
  7 bats
  A frilled lizard (D:2)
  2 goblins (D:1)
  5 kobolds
  5 rats
57 creatures vanquished.

Notes
Turn   | Place    | Note
-------+----------+-------------------------------------------
     0 | D:1      | Ethylacetat the Octopode Gladiator began the quest for the
                  | Orb.
     0 | D:1      | Reached XP level 1. HP: 14/14 MP: 1/1
    47 | D:1      | Found a faded altar of an unknown god.
    77 | D:1      | Reached skill level 1 in Stealth
    77 | D:1      | Reached XP level 2. HP: 14/19 MP: 2/2
   241 | D:1      | Found Peroh's General Store.
   411 | D:1      | Reached XP level 3. HP: 25/25 MP: 3/3
   957 | D:2      | Reached XP level 4. HP: 21/30 MP: 4/4
  1259 | D:2      | Reached skill level 4 in Dodging
  1259 | D:2      | Reached XP level 5. HP: 36/36 MP: 5/5
  1839 | D:3      | Noticed Grinder
  1849 | D:3      | Paralysed by Grinder for 2 turns
  1852 | D:3      | Slain by Grinder

Illustrated notes

Levels and vault maps discovered:
D:1:      dpeg_arrival_rhombus, layout_basic, chequers_ecumenical_altar_simple,
          serial_shops, shop, hangedman_abyss_or_decor_lesser_grid
D:2:      layout_loops_ring, minmay_randomly_rotated_circles
D:3:      layout_rooms, uniq_grinder

Skill      XL: |  1  2  3  4 |
---------------+-------------+-----
Stealth        | 1 2 3 |  3.7
Fighting       | 3 |  3.4
Dodging        | 4 |  4.0
Short Blades   | |  3.0
Throwing       | |  2.0

Action                     |  1- 3 |  4- 6 || total
---------------------------+-------+-------++-------
  Melee: Rapier            |    48 |    34 ||    82
         Tentacles         |    12 |    13 ||    25
         Constrict         |    14 |    13 ||    27
         Punch             |     1 |       ||     1
         Dagger            |       |    23 ||    23
    Use: Potion            |       |     1 ||     1
   Stab: Sleeping          |     6 |     2 ||     8
 Armour: Skin              |     3 |     1 ||     4
  Dodge: Dodged            |    49 |    38 ||    87

Table legend: (Time is in decaauts)
 A = Elapsed time spent in this place.
 B = Non-inter-level travel time spent in this place.
 C = Inter-level travel time spent in this place.
 D = Time resting spent in this place.
 E = Time spent auto-exploring this place.
 F = Levels seen in this place.
 G = Mean time per level.
                   A        B        C        D        E       F      G
               +--------+--------+--------+--------+--------+-----+--------+
         Total |   1852 |   1812 |     40 |     75 |   1373 |   3 |  617.3 |
       Dungeon |   1852 |   1812 |     40 |     75 |   1373 |   3 |  617.3 |
               +--------+--------+--------+--------+--------+-----+--------+

Top non-repeatable levels by time:
     D:2: 935 daAuts
     D:1: 842 daAuts
     D:3: 74 daAuts
